 Dungeon Crawl Stone Soup version 0.23.2-40-g277498a001 (webtiles) character file.

Game seed: 929769679014492188

1329 Emblim88 the Slasher (level 8, -4/71 HPs)
             Began as a Minotaur Monk on Oct 19, 2019.
             Was a Priest of Qazlal.
             Slain by Harold
             ... wielding a +0 mace of holy wrath
              (19 damage)
             ... on level 6 of the Dungeon.
             The game lasted 00:12:03 (5543 turns).

Emblim88 the Slasher (Minotaur Monk)                Turns: 5543, Time: 00:12:03

Health: -4/71      AC:  3    Str: 23    XL:     8   Next: 34%
Magic:  10/10      EV: 10    Int:  8    God:    Qazlal [***...]
Gold:   284        SH: 19    Dex: 13    Spells: 6/7 levels left

rFire    x . .     SeeInvis .   a - +0 falchion
rCold    + . .     Gourm    .   r - +0 large shield
rNeg     . . .     Faith    .   l - +0 leather armour of the Mind {Str+6} (curse)
rPois    .         Spirit   .   (helmet restricted)
rElec    .         Reflect  .   (no cloak)
rCorr    .         Harm     .   (no gloves)
MR       .....                  (no boots)
Stlth    +.........             (no amulet)
HPRegen  0.21/turn              u - ring of ice
MPRegen  0.12/turn              (no ring)

@: no status effects
A: retaliatory headbutt, horns 2
a: Upheaval, Elemental Force, Renounce Religion


You were on level 6 of the Dungeon.
You worshipped Qazlal.
Qazlal was most pleased with you.
You were not hungry.

You visited 1 branch of the dungeon, and saw 7 of its levels.

You collected 284 gold pieces.

Inventory:

Hand Weapons
 a - a +0 falchion (weapon)
Missiles
 j - a throwing net (quivered)
Armour
 i - a +1 leather armour of fire resistance
 l - the cursed +0 leather armour of the Mind (worn) {Str+6}
   (You found it on level 4 of the Dungeon)

   It affects your strength (+6).
   It has a curse placed upon it.
 r - a +0 large shield (worn)
Jewellery
 u - a ring of ice (left hand)
Wands
 o - a wand of random effects (16)
Scrolls
 h - a scroll of enchant weapon
 n - a scroll of amnesia
 q - a scroll of remove curse
 s - 2 scrolls of blinking
 t - a scroll of holy word {unknown}
 v - 2 scrolls of teleportation
 w - 2 scrolls of magic mapping
 x - a scroll of fog
 y - a scroll of noise {unknown}
Potions
 b - a potion of magic {unknown}
 d - a potion of mutation {unknown}
 f - a potion of brilliance {unknown}
 g - 3 potions of lignification
 k - a potion of berserk rage
 m - a potion of cancellation
 p - a potion of curing
Comestibles
 c - 9 rations


   Skills:
 + Level 6.6 Fighting
 + Level 6.7 Long Blades
 - Level 4.5 Dodging
 - Level 1.5 Stealth
 + Level 4.2 Shields
 * Level 1.6 Fire Magic
 * Level 5.1 Invocations
 - Level 0.7 Evocations


You had 6 spell levels left.
You knew the following spells:

 Your Spells              Type           Power        Failure   Level  Hunger
a - Flame Tongue          Conj/Fire      #....        99%         1    ##.....

Your spell library contained the following spells:

 Spells                   Type           Power        Failure   Level  Hunger
 Apportation              Tloc           #.....       100%        1    ##.....
 Confusing Touch          Hex            #.....       100%        1    ##.....
 Throw Flame              Conj/Fire      #.....       100%        2    ###....
 Confuse                  Hex            #.......     100%        3    ####...
 Conjure Flame            Conj/Fire      #.......     100%        3    ####...
 Gell's Gravitas          Tloc           #.........   100%        3    ####...
 Inner Flame              Hex/Fire       #.......     100%        3    ####...
 Lesser Beckoning         Tloc           #.........   100%        3    ####...
 Recall                   Summ/Tloc      N/A          100%        3    ####...
 Petrify                  Tmut/Erth      #.......     100%        4    #####..
 Sticky Flame             Conj/Fire      #.......     100%        4    #####..
 Excruciating Wounds      Chrm/Necr      #.........   100%        5    ######.
 Fireball                 Conj/Fire      #.........   100%        5    ######.
 Metabolic Englaciation   Hex/Ice        #.........   100%        5    ######.
 Yara's Violent Unravell  Hex/Tmut       #.........   100%        5    ######.


Dungeon Overview and Level Annotations

Branches:
Dungeon (7/15)             Temple (0/1) D:6

Altars:
Ashenzari
Cheibriados
Gozag
Nemelex Xobeh
Qazlal
Vehumet
Wu Jian
The Shining One

Shops:
D:5 *

Annotations:
D:6 Harold


Innate Abilities, Weirdness & Mutations

You reflexively headbutt those who attack you in melee.
You have a pair of horns on your head.


Message History

You hear some strange, mumbled words.
A sentinel's mark forms upon you.
You hit something. Something hits you!
You feel yourself speed up.
You hear some strange, mumbled words.
The mark upon you grows brighter.
Your magical effects are unravelling.
You feel magically purged.
You feel yourself slow down.
The sentinel's mark upon you fades away.
You block something's attack.
Your shield prevents you from hitting something.
Something hits you!
Your shield prevents you from hitting something.
Something hits you!
* * * LOW HITPOINT WARNING * * *
You miss something. You headbutt something! Something hits you!
* * * LOW HITPOINT WARNING * * *
It was a potion of curing.
You feel better. Something hits you!!
You die...

#############.)# #........# #..#
#.######.# #..# #.# #.# #..#
####### #.# #.#
#..########...(.##### #.# #.#
#.)(())..)........... #.# ###.#
#.#########.....#####
#.####...####.########....######.
...............{@....'...........
#.####..[>....########....######.
#.# ####.###.............######.
#.####....#<#.###########........
#<#.#.#.#.#.#.#.#.## #########
.#.#.#.#.#.#.#.#.#.# #.....
#.#.#.#.#.#.#.#.#.## #.####
.#.#.#.#.#.#.#.#.#.#### #.#...
#.#.#.#.#.#.#.#.#.###.# #.#.##


There were no monsters in sight!

Vanquished Creatures
  An ice beast (D:5)
  2 ogres (D:6)
  A centaur (D:6)
  3 bullfrogs (D:6)
  A wyvern zombie (D:6)
  2 scorpions
  A centaur zombie (D:5)
  An orc wizard (D:5)
  2 orc priests
  A bullfrog skeleton (D:6)
  2 centaur skeletons (D:4)
  Jessica (D:3)
  2 iguanas
  3 worker ants
  A hound skeleton (D:6)
  Robin (D:4)
  3 gnolls (D:6)
  6 adders
  4 oozes
  2 adder skeletons (D:6)
  5 worms
  5 dart slugs
  3 leopard geckos
  12 orcs
  A ball python (D:2)
  7 bats
  3 giant cockroaches
  20 goblins
  8 hobgoblins
  12 jackals
  5 kobolds
  6 quokkas
  4 frilled lizards
  A jackal skeleton (D:4)
  A quokka skeleton (D:4)
  5 rats
138 creatures vanquished.

Notes
Turn   | Place    | Note
-------+----------+-------------------------------------------
     0 | D:1      | Emblim88 the Minotaur Monk began the quest for the Orb.
     0 | D:1      | Reached XP level 1. HP: 19/19 MP: 0/0
   176 | D:1      | Reached XP level 2. HP: 17/27 MP: 1/1
   737 | D:1      | Reached XP level 3. HP: 33/33 MP: 2/2
  1198 | D:2      | Reached XP level 4. HP: 16/41 MP: 3/3
  2361 | D:3      | Found a sparkling altar of Nemelex Xobeh.
  2551 | D:3      | Noticed Jessica
  2559 | D:3      | Killed Jessica
  2559 | D:3      | Reached XP level 5. HP: 47/47 MP: 4/4
  2631 | D:3      | Found a shattered altar of Ashenzari.
  2631 | D:3      | Found an ornate altar of the Wu Jian Council.
  2632 | D:3      | Found a stormy altar of Qazlal.
  2637 | D:3      | Reached skill level 5 in Fighting
  2637 | D:3      | Reached skill level 5 in Long Blades
  2734 | D:3      | Became a worshipper of Qazlal Stormbringer
  2734 | D:3      | Reached * piety under Qazlal
  2734 | D:3      | Reached ** piety under Qazlal
  2906 | D:3      | Found a glowing golden altar of the Shining One.
  2969 | D:4      | Reached skill level 1 in Invocations
  3075 | D:4      | Got a shimmering leather armour
  3093 | D:4      | Identified the cursed +0 leather armour of the Mind {Str+6}
                  | (You found it on level 4 of the Dungeon)
  3195 | D:4      | Reached skill level 1 in Shields
  3214 | D:4      | Noticed Robin
  3225 | D:4      | Killed Robin
  3225 | D:4      | Reached XP level 6. HP: 52/56 MP: 6/6
  3702 | D:5      | Entered Level 5 of the Dungeon
  3704 | D:5      | Found a radiant altar of Vehumet.
  3807 | D:5      | Found a snail-covered altar of Cheibriados.
  3808 | D:5      | Found an opulent altar of Gozag.
  4010 | D:5      | Noticed an ice beast
  4018 | D:5      | Killed an ice beast
  4018 | D:5      | Reached XP level 7. HP: 47/62 MP: 8/8
  4076 | D:5      | Found Gozag's Platinum Reserve.
  4595 | D:6      | Found a staircase to the Ecumenical Temple.
  4885 | D:6      | Learned a level 1 spell: Flame Tongue
  4894 | D:6      | Reached *** piety under Qazlal
  4908 | D:6      | Reached XP level 8. HP: 57/71 MP: 10/10
  4964 | D:6      | Identified the Collected Works on Lucky Orientation
  5133 | D:6      | Reached skill level 1 in Fire Magic
  5362 | D:6      | Found an opulent altar of Gozag.
  5396 | D:6      | Reached skill level 5 in Invocations
  5526 | D:7      | Noticed Harold
  5543 | D:6      | Slain by Harold

Skill      XL: |  1  2  3  4  5  6  7  8 |
---------------+-------------------------+-----
Fighting       | 4 5 6 |  6.6
Long Blades    | 4 5 6 |  6.7
Dodging        | 4 |  4.5
Invocations    | 1 3 4 5 |  5.1
Shields        | 1 2 3 4 |  4.2
Fire Magic     | 1 |  1.6
Stealth        | |  1.5
Evocations     | |  0.7

Action                   |  1- 3 |  4- 6 |  7- 9 || total
-------------------------+-------+-------+-------++-------
Melee: Falchion          |    79 |   205 |   124 ||   408
       Headbutt          |     9 |    36 |    38 ||    83
  Use: Scroll            |       |     4 |     7 ||    11
       Potion            |       |       |     6 ||     6
 Stab: Sleeping          |     1 |     5 |       ||     6
  Eat: Chunk             |     1 |     4 |     3 ||     8
       Ration            |       |     2 |       ||     2
Armor: Robe              |     1 |       |       ||     1
       Leather armour    |     8 |    32 |     6 ||    46
       Scale mail        |       |    14 |       ||    14
Dodge: Dodged            |    53 |    84 |    22 ||   159
Block: Large shield      |       |    90 |   101 ||   191
       Rpst.: Falchion   |    12 |    23 |    10 ||    45
